 Dungeon Sprint DCSS version 0.23.2-1-ga50397a (webtiles) character file.

Game seed: 1558007889555057284

267090 wilfster70 the Impregnable (level 17, -36/157 HPs)
             Began as a Demonspawn Gladiator on May 23, 2019.
             Was an Initiate of Gozag.
             Killed from afar by an orb of fire (45 damage)
             ... with a fireball
             ... in the Dungeon (Sprint IX: "|||||||||||||||||||||||||||||").
             The game lasted 00:37:50 (8211 turns).

wilfster70 the Impregnable (Demonspawn Gladiator)   Turns: 8211, Time: 00:37:51

Health: -36/157    AC: 35    Str: 22    XL:     17   Next: 70%
Magic:  0/40       EV: 32    Int: 30    God:    Gozag
Gold:   7640       SH: 15    Dex: 25    Spells: 49/55 levels left

rFire    + . .     SeeInvis .   a - +8 double sword (slice)
rCold    + . .     Gourm    .   H - +0 shield {reflect}
rNeg     . . .     Faith    .   t - +8 chain mail of Somewhere Else {rPois rCorr Stlth-}
rPois    +         Spirit   +   q - +0 helmet of Insecurity {*Corrode rF+ Int+6}
rElec    +         Reflect  +   w - +2 cloak
rCorr    +         Harm     .   x - +2 pair of gloves {archery}
MR       +....     NoTele   +   (boots unavailable)
Stlth    ..........             y - amulet of guardian spirit
HPRegen  0.36/turn              B - +4 ring of slaying
MPRegen  0.27/turn              u - ring "Tuddec" {*Contam rElec Int+7 Dex+3}

@: mighty, brilliant, agile, gold aura, hasted, studying Ice Magic, lightly
drained, very quick
A: talons 3, icy blue scales 3, clever 1, deformed body, demonic guardian 1,
foul stench 1, weak 1, rot immunity
}: 5/17 runes: decaying, serpentine, barnacled, silver, gossamer
a: Potion Petition, Call Merchant, Bribe Branch, Renounce Religion


You were in the Dungeon.
You worshipped Gozag.
Gozag was greatly pleased with you.
You were hungry.

You visited 1 branch You collected 34396 gold pieces.
You spent 5137 gold pieces at shops.
You paid 21619 gold pieces to Gozag.

Inventory:

Hand Weapons
 a - a +8 double sword of slicing (weapon)
 b - a +9 scimitar of flaming
Missiles
 d - 3 throwing nets (quivered)
Armour
 q - the +0 helmet of Insecurity (worn) {*Corrode rF+ Int+6}
   (You bought it in a shop in the Dungeon)

   It affects your intelligence (+6).
   It protects you from fire.
   It may corrode you when you take damage.
 t - the +8 chain mail of Somewhere Else (worn) {rPois rCorr Stlth-}
   (You bought it in a shop in the Dungeon)

   It protects you from poison.
   It provides partial protection from all sources of acid and corrosion.
   It makes you less stealthy.
 w - a +2 cloak (worn)
 x - a +2 pair of gloves of archery (worn)
 H - a +0 shield of reflection (worn)
 N - +0 gold dragon scales
Jewellery
 u - the ring "Tuddec" (right hand) {*Contam rElec Int+7 Dex+3}
   (You found it in the Dungeon)

   [ring of dexterity]

   It affects your intelligence (+7).
   It affects your dexterity (+3).
   It insulates you from electricity.
   It causes magical contamination when unequipped.
 y - an amulet of guardian spirit (around neck)
 B - a +4 ring of slaying (left hand)
 C - an uncursed ring of protection from magic
 D - the amulet "Bipiru" {+Rage rElec}
   (You found it in the Dungeon)

   [amulet of rage]

   It insulates you from electricity.
   It lets you go berserk.
 K - the ring of Yrus {rPois rC+ Slay-2}
   (You found it in the Dungeon)

   [ring of slaying]

   It affects your accuracy and damage with ranged weapons and melee attacks
   (-2).
   It protects you from cold.
   It protects you from poison.
 L - the ring "Yshrenosk" {rF+ Str+3 SInv}
   (You found it in the Dungeon)

   [ring of protection from fire]

   It affects your strength (+3).
   It protects you from fire.
   It lets you see invisible.
 M - the ring of the Crown {rF+ MP+9}
   (You found it in the Dungeon)

   [ring of protection from fire]

   It protects you from fire.
   It affects your magic capacity (+9).
Wands
 o - a wand of acid (10)
 r - a wand of iceblast (4)
Scrolls
 k - 3 scrolls of blinking
 m - 6 scrolls of remove curse
 n - 2 scrolls of amnesia
 p - a scroll of immolation
 v - 3 scrolls of fear
 I - 2 scrolls of enchant armour
 O - 2 scrolls of identify
 P - 2 scrolls of fog
Potions
 c - a potion of flight
 e - 12 potions of curing
 g - 20 potions of heal wounds
 h - 9 potions of haste
 i - 5 potions of magic
 j - a potion of invisibility
 l - 3 potions of agility
 s - 2 potions of lignification
 z - a potion of cancellation {unknown}
 A - 3 potions of berserk rage
 E - a potion of mutation
 F - a potion of might {unknown}
 G - 2 potions of brilliance
Books
 J - a manual of Ice Magic
Comestibles
 f - 4 rations


   Skills:
 + Level 20.8(20.2) Fighting
 - Level 16.0(15.4) Long Blades
 - Level 1.7(1.3) Throwing
 + Level 26.4(25.7) Armour
 + Level 22.1(21.5) Dodging
 - Level 15.1(14.5) Shields
 + Level 19.9(19.3) Spellcasting
 + Level 12.6(12.1) Summonings
 - Level 15.0(14.4) Evocations


You had 49 spell levels left.
You knew the following spells:

 Your Spells              Type           Power        Failure   Level  Hunger
a - Confusing Touch       Hex            #####.       1%          1    None
b - Aura of Abjuration    Summ           #######...   1%          5    None

Your spell library contained the following spells:

 Spells                   Type           Power        Failure   Level  Hunger
 Animate Skeleton         Necr           N/A          1%          1    None
 Apportation              Tloc           #####.       1%          1    None
 Summon Small Mammal      Summ           ####         1%          1    None
 Recall                   Summ/Tloc      N/A          1%          3    None
 Summon Demon             Summ           #######...   1%          5    None
 Summon Forest            Summ/Tloc      ######....   1%          5    None
 Summon Mana Viper        Hex/Summ       ######..     1%          5    None
 Shadow Creatures         Summ           N/A          1%          6    None


Dungeon Overview and Level Annotations

Branches:
Dungeon (1/1)

Altars:
Cheibriados
Dithmenos
Elyvilon
Fedhas
Gozag
Hepliaklqana
Kikubaaqudgha
Makhleb
Nemelex Xobeh
Okawaru
Qazlal
Ru
Sif Muna
Trog
Uskayaw
Vehumet
Wu Jian
Xom
Yredelemnul
Zin
The Shining One
Beogh
Jiyva
Lugonu

Shops:
D [(!=(%:[[}[

Annotations:
D Ilsuiw, Sojobo, Xtahua


Innate Abilities, Weirdness & Mutations

You have claws for feet.
You are completely covered in icy blue scales. (AC +4, rC+)
A weak demonic guardian rushes to your aid.
You may emit foul miasma when damaged in melee.
You are immune to rotting.
Your mind is acute. (Int +2)
Armour fits poorly on your strangely shaped body.
You are weak. (Str -2)


Message History

The shadow dragon seems to slow down.
The shadow dragon closely misses you.
The shadow dragon completely misses you.
The shadow dragon claws you but does no damage.
Your orb of fire glows deep purple.
The fireball explodes!
The fireball engulfs you! You resist.
* * * LOW HITPOINT WARNING * * *
The fireball engulfs the shadow dragon!!!!
The fireball engulfs your orb of fire.
Your orb of fire completely resists.
The shadow dragon is engulfed in dark miasma.
The shadow dragon seems to slow down.
The shadow dragon bites you!
* * * LOW HITPOINT WARNING * * *
You feel drained.
* * * LOW HITPOINT WARNING * * *
The shadow dragon looks sick.
You block the shadow dragon's attack.
The shadow dragon claws you but does no damage.
Your orb of fire glows deep purple.
The fireball explodes!
The fireball engulfs you!!! You resist.
You die...
Your body crumbles into a pile of gold.

)▓.▓p▓.▓.▓.▓.▓.▓D▓
.▓.▓.▓.▓.▓.▓)▓.▓D▓
)▓.▓)▓Q▓.▓.▓.▓.▓.▓
.▓.▓p▓.▓.▓.▓)▓.▓y▓
.▓.▓(▓.▓.▓.▓)▓.▓D▓
.▓.▓.▓.▓.▓.▓)▓.▓.▓
.▓.▓p▓.▓.▓.▓.▓.▓X▓
.▓.▓p▓.▓.▓.▓.▓.▓D▓
.▓.▓p▓.▓[▓.▓.▓.▓@▓
'▓.▓p▓.▓[▓.▓.▓.▓*▓
.▓.▓p▓.▓[▓.▓'▓.▓5▓
.▓.▓D▓.▓[▓.▓.▓.▓'▓
.▓.▓p▓.▓.▓.▓.▓.▓$▓
.▓.▓p▓.▓[▓.▓q▓.▓'▓
.▓@▓@▓.▓[▓.▓.▓.▓.▓
.▓@▓p▓.▓.▓.▓.▓.▓$▓
.▓D▓.▓.▓.▓.▓.▓.▓.▓


You could see a shadow dragon (berserk), a golden dragon, a storm dragon, an Orb
Guardian (berserk), a moth of wrath, a friendly orb of fire and a friendly
shadow imp.

Vanquished Creatures
  An ancient lich (D)
  2 orbs of fire (D)
  Mara (D)
  A juggernaut (D)
  Boris (D)
  Jory (D)
  5 golden dragons (D)
  2 bone dragons (D)
  An electric golem (D)
  A lich (D)
  Rupert (D)
  2 Orb Guardians (D)
  A tentacled monstrosity (D)
  A quicksilver dragon (D)
  2 tengu reavers (D)
  A sphinx (D)
  Frances (D)
  2 shadow dragons (D)
  A storm dragon (D)
  A nagaraja (D)
  Donald (D)
  2 vault wardens (D)
  Louise (D)
  3 ghost moths (D)
  5 emperor scorpions (D)
  An ironheart preserver (D)
  A stone giant (D)
  2 very ugly things (D)
  Azrael (D)
  2 vampire knights (D)
  A yellow draconian (D)
  A spark wasp (D)
  An ettin (D)
  Snorg (D)
  2 merfolk impalers (D)
  A great orb of eyes (D)
  Josephine (D)
  6 fire dragons (D)
  3 yaktaur captains (D)
  8 hydras (D)
  4 ice dragons (D)
  A naga warrior (D)
  A merfolk avatar (D)
  A two-headed ogre (D)
  2 centaur warriors (D)
  A satyr (D)
  An ogre mage (D)
  2 deep troll shamans (D)
  An orc high priest (D)
  A deep troll earth mage (D)
  A shock serpent (D)
  A deep elf knight (D)
  A fire crab (shapeshifter) (D)
  A hell knight (D)
  A sea snake (D)
  A flayed ghost (D)
  2 unseen horrors (D)
  7 swamp dragons (D)
  2 glowing orange brains (D)
  A naga ritualist (D)
  An ironbrand convoker (D)
  An ugly thing (D)
  A wolf spider (D)
  8 orc knights (D)
  A cyclops (D)
  6 moths of wrath (D)
  3 vault sentinels (D)
  A merfolk siren (D)
  2 guardian serpents (D)
  2 naga magi (D)
  Maurice (D)
  A black mamba (D)
  A spiny frog (shapeshifter) (D)
  5 spiny frogs (D)
  4 yaktaurs (D)
  3 komodo dragons (D)
  4 demonic crawlers (D)
  A troll (D)
  2 tyrant leeches (D)
  5 polar bears (D)
  A merfolk (D)
  A hippogriff (D)
  A bog body (D)
  A slime creature (D)
  3 redbacks (D)
  4 tarantellas (D)
  5 yaks (D)
  A fire elemental (D)
  A shadow (D)
  3 wraiths (D)
  Grum (D)
  2 vampire mosquitoes (D)
  An insubstantial wisp (D)
  A naga (D)
  4 hell hounds (D)
  2 floating eyes (D)
  3 porcupines (D)
  A water moccasin (D)
  17 orc warriors (D)
  2 swamp drakes (D)
  4 black bears (D)
  2 phantoms (D)
  4 wolves (D)
  A centaur (D)
  2 crocodiles (D)
  2 bullfrogs (D)
  A jelly (D)
  6 orc wizards (D)
  An orc priest (D)
  A dart slug (D)
  A leopard gecko (D)
  12 orcs (D)
  A hobgoblin (D)
  A bat (D)
  A frilled lizard (D)
  A rat (D)
255 creatures vanquished.

Vanquished Creatures (collateral kills)
  A Killer Klown (D)
  A golden dragon (D)
  2 electric golems (D)
  2 tentacled monstrosities (D)
  13 Orb Guardians (D)
  3 shadow dragons (D)
  A draconian monk (D)
  2 nagarajas (D)
  A draconian knight (D)
  2 draconian scorchers (D)
  A ghost moth (D)
  A very ugly thing (D)
  3 draconian annihilators (D)
  A yellow draconian (D)
  A red draconian (D)
  A white draconian (D)
  A black draconian (D)
  3 purple draconians (D)
  4 vault guards (D)
  An ogre mage (D)
  A merfolk aquamancer (D)
  An orc knight (D)
  An ironbrand convoker (D)
  A wolf spider (D)
  A mana viper (D)
  A vault sentinel (D)
  3 moths of wrath (D)
  A naga mage (D)
  A shadow imp (D)
56 creatures vanquished.

Vanquished Creatures (others)
  Frederick (D)
  A golden dragon (D)
  A lich (D)
  A tengu reaver (D)
  A draconian monk (D)
  3 nagarajas (D)
  A fire giant (D)
  2 vault wardens (D)
  A draconian scorcher (D)
  2 ironheart preservers (D)
  An entropy weaver (D)
  2 stone giants (D)
  A green draconian (D)
  2 red draconians (D)
  A purple draconian (D)
  A black draconian (D)
  3 merfolk impalers (D)
  A merfolk javelineer (D)
  A great orb of eyes (D)
  17 vault guards (D)
  A satyr (D)
  2 merfolk aquamancers (D)
  An ogre mage (D)
  An unseen horror (D)
  A necromancer (D)
  A guardian serpent (D)
  2 moths of wrath (D)
  2 naga magi (D)
  A vault sentinel (D)
  A yaktaur (D)
  A snapping turtle (D)
  2 nagas (D)
60 creatures vanquished.

Grand Total: 371 creatures vanquished

Notes
Turn   | Place    | Note
-------+----------+-------------------------------------------
     0 | D        | wilfster70 the Demonspawn Gladiator began the quest for the
                  | Orb.
     0 | D        | Reached XP level 1. HP: 16/16 MP: 1/1
    10 | D        | Reached skill level 1 in Armour
    82 | D        | Noticed a jelly
    82 | D        | Noticed a phantom
    84 | D        | Gained mutation: You have sharp toenails. [demonic
                  | ancestry]
    84 | D        | Reached XP level 2. HP: 23/23 MP: 2/2
    91 | D        | Reached skill level 2 in Armour
    91 | D        | Gained mutation: You are immune to rotting. [demonic
                  | ancestry]
    91 | D        | Reached XP level 3. HP: 28/29 MP: 3/3
    94 | D        | Killed a phantom
    94 | D        | Reached skill level 3 in Armour
    94 | D        | Reached XP level 4. HP: 37/38 MP: 4/4
   202 | D        | Found a roughly hewn altar of Beogh.
   202 | D        | Found a snail-covered altar of Cheibriados.
   202 | D        | Found a shadowy altar of Dithmenos.
   202 | D        | Found a white marble altar of Elyvilon.
   202 | D        | Found a blossoming altar of Fedhas.
   202 | D        | Found an opulent altar of Gozag.
   203 | D        | Found a hazy altar of Hepliaklqana.
   204 | D        | Found a viscous altar of Jiyva.
   205 | D        | Found an ancient bone altar of Kikubaaqudgha.
   206 | D        | Found a corrupted altar of Lugonu.
   207 | D        | Found a burning altar of Makhleb.
   208 | D        | Found a sparkling altar of Nemelex Xobeh.
   209 | D        | Found an iron altar of Okawaru.
   210 | D        | Became a worshipper of Gozag Ym Sagoz the Greedy
   211 | D        | Found a stormy altar of Qazlal.
   212 | D        | Found a sacrificial altar of Ru.
   213 | D        | Found a deep blue altar of Sif Muna.
   214 | D        | Found a bloodstained altar of Trog.
   215 | D        | Found a hide-covered altar of Uskayaw.
   216 | D        | Found a radiant altar of Vehumet.
   217 | D        | Found an ornate altar of the Wu Jian Council.
   218 | D        | Found a shimmering altar of Xom.
   219 | D        | Found a basalt altar of Yredelemnul.
   220 | D        | Found a glowing silver altar of Zin.
   221 | D        | Found a glowing golden altar of the Shining One.
   266 | D        | Noticed a troll
   266 | D        | Noticed an orc warrior
   266 | D        | Noticed a yak
   266 | D        | Noticed a yak
   266 | D        | Noticed a black bear
   272 | D        | Killed a black bear
   272 | D        | Reached skill level 5 in Fighting
   272 | D        | Reached skill level 4 in Armour
   272 | D        | Reached skill level 5 in Dodging
   272 | D        | Reached XP level 5. HP: 42/44 MP: 5/5
   277 | D        | Killed a yak
   277 | D        | Reached skill level 5 in Armour
   277 | D        | Gained mutation: A weak demonic guardian rushes to your
                  | aid. [demonic ancestry]
   277 | D        | Reached XP level 6. HP: 52/53 MP: 6/6
   281 | D        | Killed a yak
   288 | D        | Killed an orc warrior
   288 | D        | Reached skill level 6 in Armour
   288 | D        | Reached XP level 7. HP: 36/60 MP: 7/7
   294 | D        | Killed a troll
   294 | D        | Reached skill level 10 in Long Blades
   482 | D        | Reached skill level 7 in Armour
   493 | D        | Killed an unseen horror
   493 | D        | Gained mutation: You are partially covered in icy blue
                  | scales. (AC +2) [demonic ancestry]
   493 | D        | Reached XP level 8. HP: 25/70 MP: 8/8
   825 | D        | Noticed a komodo dragon
   826 | D        | Reached skill level 8 in Armour
   827 | D        | Noticed a spiny frog
   836 | D        | Killed a komodo dragon
   839 | D        | Noticed a spiny frog
   840 | D        | Gained mutation: You are mostly covered in icy blue scales.
                  | (AC +3) [demonic ancestry]
   840 | D        | Reached XP level 9. HP: 51/77 MP: 9/9
   849 | D        | Killed a spiny frog
   849 | D        | Reached skill level 10 in Fighting
   850 | D        | Killed a spiny frog
   850 | D        | Reached skill level 9 in Armour
   907 | D        | Noticed a four-headed hydra
   907 | D        | Noticed a komodo dragon
   909 | D        | Killed a komodo dragon
   910 | D        | Noticed a spiny frog
   921 | D        | Reached skill level 10 in Dodging
   925 | D        | Killed a one-headed hydra
   925 | D        | Reached XP level 10. HP: 57/86 MP: 10/10
   930 | D        | Killed a spiny frog
   930 | D        | Reached skill level 10 in Armour
   951 | D        | Bought the +8 chain mail of Somewhere Else {rPois rCorr
                  | Stlth-} for 958 gold pieces
  1145 | D        | Bought the cursed +0 helmet of Insecurity {*Corrode rF+
                  | Int+6} for 360 gold pieces
  1281 | D        | Noticed Josephine
  1292 | D        | Killed Josephine
  1292 | D        | Reached skill level 11 in Armour
  1367 | D        | Noticed an orc knight
  1383 | D        | Killed an orc knight
  1383 | D        | Gained mutation: You may emit foul miasma when damaged in
                  | melee. [demonic ancestry]
  1383 | D        | Reached XP level 11. HP: 79/96 MP: 11/11
  1440 | D        | Noticed an orc knight
  1446 | D        | Noticed an orc knight
  1454 | D        | Killed an orc knight
  1460 | D        | Reached skill level 12 in Armour
  1460 | D        | Noticed an orc high priest
  1465 | D        | Killed an orc knight
  1484 | D        | Killed an orc high priest
  1527 | D        | Found Qaacu's Food Boutique.
  1527 | D        | Noticed an orc knight
  1532 | D        | Noticed an orc knight
  1536 | D        | Found Cudin's Antique Weapon Shop.
  1538 | D        | Noticed an orc knight
  1544 | D        | Killed an orc knight
  1545 | D        | Found Rirphume's Jewellery Boutique.
  1556 | D        | Killed an orc knight
  1560 | D        | Found Miemn's Distillery.
  1576 | D        | Killed an orc knight
  1576 | D        | Reached skill level 13 in Armour
  1590 | D        | Noticed an orc knight
  1597 | D        | Killed an orc knight
  1651 | D        | Bought an uncursed amulet of guardian spirit for 390 gold
                  | pieces
  1651 | D        | Bought a +5 ring of protection for 715 gold pieces
  1657 | D        | Bought a potion of lignification for 39 gold pieces
  1657 | D        | Bought a potion of berserk rage for 65 gold pieces
  1657 | D        | Bought a potion of heal wounds for 65 gold pieces
  1657 | D        | Bought a potion of magic for 104 gold pieces
  1657 | D        | Bought a potion of curing for 39 gold pieces
  1657 | D        | Bought a potion of curing for 39 gold pieces
  1657 | D        | Bought a potion of agility for 52 gold pieces
  1657 | D        | Bought a potion of agility for 52 gold pieces
  1659 | D        | Bought a +4 ring of slaying for 1014 gold pieces
  1952 | D        | Noticed Maurice
  1965 | D        | Killed Maurice
  2044 | D        | Found the +3 robe of Clouds {+Thunder rCloud rElec}
  2118 | D        | Noticed an ogre mage
  2118 | D        | Noticed a two-headed ogre
  2123 | D        | Killed a two-headed ogre
  2126 | D        | Noticed a fire dragon
  2135 | D        | Noticed an ettin
  2139 | D        | Noticed a great orb of eyes
  2143 | D        | Killed an ogre mage
  2143 | D        | Reached skill level 15 in Fighting
  2152 | D        | Killed an unseen horror
  2152 | D        | Reached skill level 14 in Armour
  2152 | D        | Reached XP level 12. HP: 82/110 MP: 10/12
  2153 | D        | Noticed a yaktaur captain
  2161 | D        | Killed a fire dragon
  2163 | D        | Killed an ettin
  2171 | D        | Killed a great orb of eyes
  2176 | D        | Killed a yaktaur captain
  2181 | D        | Noticed a fire dragon
  2193 | D        | Killed a fire dragon
  2193 | D        | Reached skill level 15 in Dodging
  2346 | D        | Noticed Donald
  2360 | D        | Killed Donald
  2360 | D        | Reached skill level 15 in Armour
  2430 | D        | Noticed a seven-headed hydra
  2432 | D        | Noticed a four-headed hydra
  2437 | D        | Reached skill level 1 in Shields
  2447 | D        | Killed a nine-headed hydra
  2455 | D        | Killed a one-headed hydra
  2488 | D        | Bought a pair of runed gloves for 195 gold pieces
  2510 | D        | Noticed an emperor scorpion
  2545 | D        | Killed an emperor scorpion
  2571 | D        | Bought a book of Summonings for 1050 gold pieces
  2578 | D        | Noticed a satyr
  2578 | D        | Noticed a merfolk avatar
  2578 | D        | Noticed a satyr
  2578 | D        | Noticed a merfolk impaler
  2579 | D        | Noticed a merfolk impaler
  2586 | D        | Killed a merfolk impaler
  2586 | D        | Gained mutation: You are completely covered in icy blue
                  | scales. (AC +4, rC+) [demonic ancestry]
  2586 | D        | Reached XP level 13. HP: 58/120 MP: 10/13
  2608 | D        | Reached skill level 5 in Shields
  2639 | D        | Killed a merfolk impaler
  2647 | D        | Reached skill level 15 in Long Blades
  2647 | D        | Reached skill level 16 in Armour
  2723 | D        | Noticed a nagaraja
  2730 | D        | Killed a nagaraja
  3111 | D        | Noticed Azrael
  3114 | D        | Noticed Rupert
  3122 | D        | Killed Azrael
  3134 | D        | Killed Rupert
  3195 | D        | Noticed Grum
  3204 | D        | Killed Grum
  3234 | D        | Noticed Frances
  3252 | D        | Killed Frances
  3388 | D        | Noticed a fire dragon
  3388 | D        | Noticed a green very ugly thing
  3400 | D        | Noticed a red very ugly thing
  3404 | D        | Killed a green very ugly thing
  3438 | D        | Killed a red very ugly thing
  3439 | D        | Paralysed by a floating eye for 3 turns
  3446 | D        | Noticed a lich
  3458 | D        | Reached skill level 17 in Armour
  3459 | D        | Paralysed by a floating eye for 2 turns
  3467 | D        | Killed a fire dragon
  3467 | D        | Reached skill level 5 in Evocations
  3471 | D        | Paralysed by a floating eye for 4 turns
  3476 | D        | Noticed a fire dragon
  3481 | D        | Paralysed by a floating eye for 4 turns
  3481 | D        | Noticed a fire dragon
  3489 | D        | Killed a lich
  3489 | D        | Gained mutation: You have razor-sharp toenails. [demonic
                  | ancestry]
  3489 | D        | Reached XP level 14. HP: 59/130 MP: 1/18
  3492 | D        | Paralysed by a floating eye for 4 turns
  3504 | D        | Noticed a tengu reaver
  3506 | D        | Reached skill level 10 in Shields
  3532 | D        | HP: 4/130 [tengu reaver/bolt of magma (25)]
  3533 | D        | Paralysed by a floating eye for 2 turns
  3539 | D        | Killed a tengu reaver
  3897 | D        | Noticed a vault warden
  3897 | D        | Noticed a vault warden
  3916 | D        | Killed a vault warden
  3936 | D        | Noticed a stone giant
  3939 | D        | Killed a vault warden
  3939 | D        | Reached skill level 18 in Armour
  3963 | D        | Killed a stone giant
  3968 | D        | Noticed a tengu reaver
  3973 | D        | Reached skill level 10 in Evocations
  3977 | D        | Noticed an ironheart preserver
  4012 | D        | Killed a tengu reaver
  4019 | D        | Killed an ironheart preserver
  4089 | D        | Noticed Jory
  4109 | D        | Killed Jory
  4135 | D        | Noticed Snorg
  4145 | D        | Killed Snorg
  4256 | D        | Got the +0 helmet "Dippocost" {rElec Slay+3}
  4381 | D        | Noticed Louise
  4404 | D        | Killed Louise
  4404 | D        | Reached skill level 19 in Armour
  4441 | D        | Noticed Mara
  4446 | D        | Noticed wilfster70's illusion
  4474 | D        | Noticed wilfster70's illusion
  4496 | D        | Killed Mara
  4496 | D        | Gained mutation: You have claws for feet. [demonic
                  | ancestry]
  4496 | D        | Reached XP level 15. HP: 42/136 MP: 7/24
  4883 | D        | Got a decaying rune of Zot
  4925 | D        | Killed a ghost moth
  4931 | D        | Killed a ghost moth
  4931 | D        | Reached skill level 20 in Armour
  4945 | D        | Killed a ghost moth
  5273 | D        | Reached skill level 15 in Shields
  5340 | D        | Got a gossamer rune of Zot
  5455 | D        | Noticed Ilsuiw
  5463 | D        | Got a barnacled rune of Zot
  5472 | D        | Noticed a nagaraja
  5472 | D        | Noticed a nagaraja
  5472 | D        | Noticed a nagaraja
  5472 | D        | Noticed a nagaraja
  5477 | D        | Reached skill level 15 in Evocations
  5480 | D        | Killed a nagaraja
  5500 | D        | Reached skill level 5 in Spellcasting
  5510 | D        | Got a serpentine rune of Zot
  5542 | D        | Noticed Frederick
  5564 | D        | Noticed Xtahua
  5653 | D        | Noticed a vault warden
  5654 | D        | Noticed a vault warden
  5665 | D        | Noticed a shadow dragon
  5669 | D        | Noticed a shadow dragon
  5675 | D        | Killed a shadow dragon
  5676 | D        | Noticed a fire giant
  5686 | D        | Killed a shadow dragon
  5686 | D        | Reached skill level 21 in Armour
  5704 | D        | Learned a level 1 spell: Confusing Touch
  5741 | D        | Noticed a shadow dragon
  5741 | D        | Noticed a lich
  5741 | D        | Noticed a golden dragon
  5741 | D        | Noticed a shadow dragon
  5742 | D        | Noticed a shadow dragon
  5748 | D        | Killed a lich
  5751 | D        | Killed a golden dragon
  5764 | D        | Killed a shadow dragon
  5804 | D        | Killed a shadow dragon
  5828 | D        | Killed a shadow dragon
  5978 | D        | Got a silver rune of Zot
  6129 | D        | Noticed a tengu reaver
  6132 | D        | Noticed Sojobo
  6134 | D        | Noticed a tengu reaver
  6201 | D        | Got the ring "Tuddec" {*Contam rElec Int+7 Dex+3}
  6203 | D        | Got the amulet "Bipiru" {+Rage rElec}
  6205 | D        | Got the ring of Yrus {rPois rC+ Slay-2}
  6207 | D        | Got the ring "Yshrenosk" {rF+ Str+3 SInv}
  6209 | D        | Got the ring of the Crown {rF+ MP+9}
  6415 | D        | Noticed Boris
  6418 | D        | Reached skill level 10 in Spellcasting
  6422 | D        | Killed a nagaraja
  6424 | D        | Your ally died
  6429 | D        | Killed a tengu reaver
  6430 | D        | Killed a nagaraja
  6446 | D        | Noticed a sphinx
  6446 | D        | Noticed a juggernaut
  6446 | D        | Noticed a storm dragon
  6446 | D        | Noticed a quicksilver dragon
  6449 | D        | Killed a quicksilver dragon
  6455 | D        | Killed a storm dragon
  6455 | D        | Reached skill level 22 in Armour
  6461 | D        | Reached XP level 16. HP: 112/143 MP: 24/31
  6488 | D        | Killed a sphinx
  6503 | D        | Killed a juggernaut
  6537 | D        | Killed Boris
  6537 | D        | Reached skill level 23 in Armour
  6828 | D        | Noticed a bone dragon
  6828 | D        | Noticed a bone dragon
  6839 | D        | Killed a bone dragon
  6857 | D        | Killed a bone dragon
  7017 | D        | Noticed a tentacled monstrosity
  7050 | D        | Noticed a golden dragon
  7057 | D        | Killed a golden dragon
  7057 | D        | Reached skill level 15 in Spellcasting
  7058 | D        | Noticed a golden dragon
  7061 | D        | Killed a golden dragon
  7095 | D        | Noticed an orb of fire
  7095 | D        | Noticed a golden dragon
  7099 | D        | Reached skill level 24 in Armour
  7102 | D        | Noticed a tentacled monstrosity
  7108 | D        | Killed a golden dragon
  7111 | D        | Killed a tentacled monstrosity
  7360 | D        | Learned a level 5 spell: Aura of Abjuration
  7433 | D        | Noticed an Orb Guardian
  7433 | D        | Noticed an Orb Guardian
  7433 | D        | Noticed an Orb Guardian
  7433 | D        | Noticed an Orb Guardian
  7433 | D        | Noticed an Orb Guardian
  7433 | D        | Noticed an Orb Guardian
  7442 | D        | Killed an Orb Guardian
  7442 | D        | Reached skill level 25 in Armour
  7442 | D        | Killed an Orb Guardian
  7442 | D        | Killed an Orb Guardian
  7443 | D        | Killed an Orb Guardian
  7443 | D        | Killed an Orb Guardian
  7445 | D        | Noticed an Orb Guardian
  7445 | D        | Killed an Orb Guardian
  7446 | D        | Noticed an Orb Guardian
  7449 | D        | Killed an Orb Guardian
  7449 | D        | Reached skill level 5 in Summonings
  7450 | D        | Noticed an Orb Guardian
  7450 | D        | Killed an Orb Guardian
  7451 | D        | Noticed an Orb Guardian
  7452 | D        | Killed an Orb Guardian
  7452 | D        | Killed an Orb Guardian
  7474 | D        | Noticed a tentacled monstrosity
  7474 | D        | Noticed an Orb Guardian
  7474 | D        | Noticed an Orb Guardian
  7474 | D        | Noticed a golden dragon
  7474 | D        | Noticed a tentacled monstrosity
  7480 | D        | Killed a tentacled monstrosity
  7480 | D        | Killed a golden dragon
  7480 | D        | Reached XP level 17. HP: 151/151 MP: 39/39
  7481 | D        | Noticed an Orb Guardian
  7483 | D        | Noticed an Orb Guardian
  7489 | D        | Killed an Orb Guardian
  7494 | D        | Killed an Orb Guardian
  7496 | D        | Killed a tentacled monstrosity
  7496 | D        | Killed an Orb Guardian
  7501 | D        | Killed an Orb Guardian
  7620 | D        | Noticed an ancient lich
  7625 | D        | Killed an ancient lich
  7629 | D        | Noticed an orb of fire
  7646 | D        | Gained mutation: You are weak. (Str -2) [an orb of fire]
  7651 | D        | Gained mutation: Your mind is acute. (Int +2) [an orb of
                  | fire]
  7671 | D        | Killed an orb of fire
  7671 | D        | Reached skill level 10 in Summonings
  8010 | D        | Noticed an electric golem
  8017 | D        | Killed an electric golem
  8163 | D        | Noticed a golden dragon
  8163 | D        | Noticed an electric golem
  8163 | D        | Noticed an electric golem
  8163 | D        | Noticed a Killer Klown
  8163 | D        | Noticed an Orb Guardian
  8163 | D        | Noticed a golden dragon
  8164 | D        | Noticed an orb of fire
  8170 | D        | Killed a golden dragon
  8170 | D        | Reached skill level 26 in Armour
  8172 | D        | Noticed an Orb Guardian
  8182 | D        | Killed an electric golem
  8183 | D        | Killed a Killer Klown
  8187 | D        | Gained mutation: Armour fits poorly on your strangely
                  | shaped body. [an orb of fire]
  8194 | D        | Killed an orb of fire
  8195 | D        | Killed an electric golem
  8196 | D        | Noticed a golden dragon
  8197 | D        | Killed an Orb Guardian
  8210 | D        | Killed a golden dragon
  8211 | D        | Killed from afar by an orb of fire

Skill      XL: |  1  2  3  4  5  6  7  8  9 10 11 12 13 14 15 16 17 |
---------------+----------------------------------------------------+-----
Long Blades    | 3 4 6 7 8 9 11 13 14 16 | 16.0
Armour         | 1 2 3 4 5 6 7 8 9 11 14 15 17 19 22 25 26 | 26.4
Dodging        | 3 4 5 6 8 10 12 14 15 17 19 20 22 | 22.1
Fighting       | 3 4 5 6 7 8 9 10 12 15 17 18 20 | 20.8
Shields        | 4 9 13 15 | 15.1
Evocations     | 5 12 15 | 15.0
Spellcasting   | 11 18 19 | 19.9
Summonings     | 6 12 | 12.6
Throwing       | |  1.7

Action                   |  1- 3 |  4- 6 |  7- 9 | 10-12 | 13-15 | 16-18 || total
-------------------------+-------+-------+-------+-------+-------+-------++-------
Melee: Long sword        |    23 |       |       |       |       |       ||    23
       Kick              |     4 |    11 |    30 |    19 |    88 |   109 ||   261
       Scimitar          |       |    22 |    56 |   269 |    17 |       ||   364
       Double sword      |       |       |       |    64 |   593 |   198 ||   855
Invok: Potion Petition   |       |       |     1 |       |     6 |     4 ||    11
       Call Merchant     |       |       |     2 |     3 |     2 |       ||     7
       Bribe Branch      |       |       |       |       |     3 |       ||     3
  Use: Potion            |     1 |       |       |       |     4 |     1 ||     6
       Scroll            |       |       |     8 |     4 |     9 |       ||    21
 Stab: Distracted        |       |     1 |       |     6 |     9 |     4 ||    20
       Confused          |       |       |       |     1 |       |       ||     1
       Invisible         |       |       |       |       |     3 |       ||     3
       Paralysed         |       |       |       |       |       |     4 ||     4
  Eat: Ration            |       |       |       |     2 |     4 |     1 ||     7
Armor: Leather armour    |     6 |       |       |       |       |       ||     6
       Plate armour      |       |     8 |    38 |     2 |       |       ||    48
       Chain mail        |       |       |       |   123 |   215 |    59 ||   397
Dodge: Dodged            |    12 |     4 |    18 |   174 |   246 |    88 ||   542
Block: Shield            |       |       |       |    26 |   234 |    67 ||   327
       Reflection        |       |       |       |       |    11 |     2 ||    13
       Rpst.: Long sword |     6 |       |       |       |       |       ||     6
       Scimitar          |       |     1 |     4 |    23 |     1 |       ||    29
       Double sword      |       |       |       |     8 |    32 |     5 ||    45
